 Dungeon Crawl Stone Soup version bcrawl-1.28.1b (webtiles) character file.

Game seed: 2256526962845899549

490342 Morbidden the Archer (level 11, -7/68 HPs)
             Began as a Mana Stalker Archaeologist on Dec 18, 2020.
             Was a High Priest of Cheibriados.
             Mangled by a seven-headed hydra (9 damage)
             ... on level 10 of the Dungeon.
             The game lasted 00:19:33 (8199 turns).

Morbidden the Archer (Mana Stalker Archaeologist)   Turns: 8199, Time: 00:19:34

Health: -7/68      AC:  9    Str: 25    XL:     11   Next: 96%
Magic:  19/24      EV: 17    Int: 31    God:    Cheibriados [*****.]
Gold:   820        SH:  0    Dex: 26    Spells: 10/10 levels left

rFire    . . .     SeeInvis .   b - +8 storm bow {lightning, rElec Stlth-}
rCold    . . .     Gourm    .   (shield currently unavailable)
rNeg     . . .     Faith    .   L - +0 leather armour of Amelioration {Regen+ rCorr Str-3 Int+5}
rPois    .         Spirit   .   c - +1 hat
rElec    +         Reflect  .   z - +0 cloak
rCorr    +         Harm     .   (no gloves)
MR       ++...                  d - +2 pair of boots
Stlth    +++.......             H - amulet of the acrobat
HPRegen  1.01/turn              O - ring of magical power
MPRegen  0.19/turn              K - +3 ring of dexterity

@: very slow
A: fangs 3, magic resistance 1, regeneration 1, antimagic bite, no potion heal
3, rot immunity, strong jaws
a: Bend Time, Temporal Distortion, Slouch, Step From Time, Renounce Religion


You were on level 10 of the Dungeon.
You worshipped Cheibriados.
Cheibriados was extremely pleased with you.
You were not hungry.

You visited 2 branches of the dungeon, and saw 11 of its levels.
You also visited: Sewer.

You collected 820 gold pieces.

Inventory:

Hand Weapons
 a - a +0 falchion of electrocution
 b - the +8 storm bow (weapon) {lightning, rElec Stlth-}
   (You acquired it on level 3 of the Dungeon)

   It insulates you from electricity.
   It makes you less stealthy.
Missiles
 A - 1678 arrows (quivered)
 B - 200 poisoned tomahawks
Armour
 c - a +1 hat (worn)
 d - a +2 pair of boots (worn)
 z - a +0 cloak (worn)
 L - the +0 leather armour of Amelioration (worn) {Regen+ rCorr Str-3 Int+5}
   (You found it on level 6 of the Dungeon)

   It affects your strength (-3).
   It affects your intelligence (+5).
   It increases your rate of regeneration.
   It provides partial protection from all sources of acid and corrosion.
 N - a +2 scale mail of fire resistance
Jewellery
 k - an uncursed ring of insulation
 H - an amulet of the acrobat (around neck)
 K - a +3 ring of dexterity (right hand)
 O - a ring of magical power (left hand)
Wands
 w - a wand of disintegration (12)
 y - a wand of flame (20)
 I - a wand of random effects (18)
 J - a wand of digging (4)
 M - a wand of paralysis (4)
Scrolls
 f - a scroll of enchant weapon {unknown}
 i - a scroll of fog {unknown}
 l - 5 scrolls of amnesia {unknown}
 m - 17 scrolls of identify
 n - 2 scrolls of remove curse {unknown}
 r - a scroll of blinking {unknown}
 u - 2 scrolls of fear {unknown}
 v - 2 scrolls of immolation {unknown}
 C - 6 scrolls of teleportation {unknown}
 D - a scroll of magic mapping
Potions
 g - 2 potions of might {unknown}
 h - 4 potions of invisibility {unknown}
 j - 2 potions of flight {unknown}
 o - 3 potions of curing {unknown}
 p - 2 potions of degeneration {unknown}
 q - 2 potions of magic {unknown}
 s - 2 potions of haste
 t - 2 potions of berserk rage {unknown}
 x - 3 potions of heal wounds {unknown}
 E - 2 potions of resistance {unknown}
 F - 2 potions of brilliance {unknown}
 G - a potion of lignification {unknown}
Comestibles
 e - 29 rations {!d}


   Skills:
 * Level 7.8 Fighting
 + Level 1.7 Long Blades
   Level 1.5 Maces & Flails
 * Level 12.2 Bows
 * Level 5.0 Armour
 + Level 6.0 Dodging
 + Level 5.8 Stealth
 * Level 4.4 Invocations


You had 10 spell levels left.
You didn't know any spells.
Your spell library contained the following spells:

 Spells                   Type           Power        Failure   Level  Hunger
 Throw Frost              Conj/Ice       #.....       6%          2    ####...
 Apportation              Tloc           #.....       10%         1    None
 Corona                   Hex            #......      10%         1    None
 Freeze                   Ice            #.....       10%         1    None
 Infusion                 Chrm           #.......     10%         1    None
 Sandblast                Erth           #.....       10%         1    None
 Slow                     Hex            #.......     10%         1    None
 Summon Butterflies       Summ           #.......     10%         1    None
 Ensorcelled Hibernation  Hex/Ice        #.....       16%         2    ####...
 Confuse                  Hex            #.......     30%         3    #####..
 Dazzling Orbs            Conj/Hex       #......      30%         3    #####..
 Ozocubu's Armour         Chrm/Ice       #.......     30%         3    #####..
 Tukima's Dance           Hex            #.......     30%         3    #####..
 Ice Form                 Ice/Tmut       #.......     69%         4    ######.
 Petrify                  Tmut/Erth      #.........   69%         4    ######.
 Summon Ice Beast         Ice/Summ       #.......     69%         4    ######.
 Throw Icicle             Conj/Ice       #.......     69%         4    ######.
 Yara's Violent Unravell  Hex/Tmut       #.........   69%         4    ######.
 Metabolic Englaciation   Hex/Ice        #.........   95%         5    #######
 Mana Rupture             Conj/Hex       #.........   100%        7    #######


Dungeon Overview and Level Annotations

Branches:
Dungeon (10/12)            Temple (1/1) D:5            Lair (0/6) D:7
    Orc (0/1) D:8

Altars:
Ashenzari
Cheibriados
Dithmenos
Elyvilon
Fedhas
Gozag
Hepliaklqana
Kikubaaqudgha
Lugonu
Makhleb
Nemelex Xobeh
Okawaru
Qazlal
Sif Muna
Trog
Uskayaw
Vehumet
Wu Jian
Xom
Yredelemnul
The Shining One
Beogh

Shops:
D:5 [   D:7 (   D:8 =

Annotations:
D:9 2 transporters, pheathergobbo575's ghost, journeyman FoFi


Innate Abilities, Weirdness & Mutations

You have razor-sharp teeth.
You are resistant to hostile enchantments. (MR+)
Your natural rate of healing is unusually fast.
Your bite disrupts and absorbs the magic of your enemies.
Potions cannot restore your health.
You are immune to rotting.
Your bites deal extra damage.


Message History

Unknown command.
You fail to use your ability.
The seven-headed hydra barely misses you.
The seven-headed hydra bites you.
* * * LOW HITPOINT WARNING * * *
The seven-headed hydra closely misses you. x2
The seven-headed hydra completely misses you.
The seven-headed hydra bites you!
* * * LOW HITPOINT WARNING * * *
The seven-headed hydra bites you.
* * * LOW HITPOINT WARNING * * *
Unknown command.
Unknown command.
Okay, then.
You can feel time thicken for a moment.
You kill the orc!
Cheibriados appreciates the change of pace.
Cheibriados lowers the support of your attributes as your movement quickens.
The seven-headed hydra bites you!
You die...

#..... ##....#
##.....#
#......##
#.....<.#
....#...##
.........## .
..........## ...
........@D.#...^.
.................
...#.......##...=
.......O.)## ...
...#....?.# ..
..#o....?. .
.....)...
..........
..........


You could see a seven-headed hydra, an orc warrior and an ogre.

Vanquished Creatures
  An ogre mage (D:8)
  A two-headed ogre (D:5)
  2 centaur warriors (D:9)
  A cyclops (D:9)
  An ugly thing (D:9)
  2 ball lightnings
  2 komodo dragons
  3 trolls
  A hornet (D:8)
  A slime creature (D:8)
  7 yaks
  A basilisk (D:7)
  A human (D:7)
  2 wyverns
  3 hogs (D:7)
  A vampire mosquito (D:8)
  A crocodile (D:7)
  An acid dragon (D:7)
  3 orc warriors
  2 sky beasts
  A black bear (D:5)
  3 ogres
  3 phantoms
  6 centaurs
  3 bullfrogs (D:6)
  11 big kobolds
  2 scorpions
  A water moccasin skeleton (D:4)
  8 killer bees
  A howler monkey (D:5)
  10 crimson imps
  2 centaur zombies
  A bullfrog zombie (D:8)
  4 hounds
  4 centaur skeletons
  3 jellies
  5 orc wizards
  6 orc priests
  A bullfrog skeleton (D:5)
  An iguana (D:7)
  9 worker ants
  A hound skeleton (D:8)
  3 worker ant zombies
  18 adders
  8 gnolls (D:4)
  A river rat (Sewer)
  3 shadow imps
  3 adder skeletons
  9 worms
  3 dart slugs
  3 leopard geckos
  27 orcs
  2 ball pythons (Sewer)
  3 giant cockroaches
  4 goblins
  9 hobgoblins
  10 jackals
  52 kobolds
  3 quokkas
  3 bats
  4 frilled lizards
  2 jackal skeletons
  A quokka skeleton (D:5)
  4 rats
  2 plants (D:2)
300 creatures vanquished.

Vanquished Creatures (others)
  129 ball lightnings
129 creatures vanquished.

Grand Total: 429 creatures vanquished

Notes
Turn   | Place    | Note
-------+----------+-------------------------------------------
     0 | D:1      | Morbidden the Vine Stalker Archaeologist began the quest
                  | for the Orb.
     0 | D:1      | Reached XP level 1. HP: 11/11 MP: 2/2
    12 | D:1      | Reached skill level 1 in Maces & Flails
    82 | D:1      | Reached skill level 1 in Fighting
    82 | D:1      | Reached XP level 2. HP: 16/16 MP: 3/3
   256 | D:1      | Reached skill level 5 in Stealth
   429 | D:1      | Reached XP level 3. HP: 16/20 MP: 4/4
  1618 | D:3      | Reached XP level 4. HP: 25/25 MP: 5/5
  1659 | D:3      | Found a shattered altar of Ashenzari.
  2022 | D:3      | Reached skill level 1 in Long Blades
  2022 | D:3      | Reached XP level 5. HP: 22/30 MP: 6/6
  2022 | D:3      | Identified a scroll of acquirement
  2022 | D:3      | Identified the +6 chain mail of Repulsion {SInv} (You
                  | acquired it on level 3 of the Dungeon)
  2023 | D:3      | Found the +8 storm bow {lightning, rElec Stlth-}
  2575 | D:4      | Found a glowing drain.
  2584 | D:4      | Reached skill level 1 in Bows
  2598 | Sewer    | Entered a sewer
  2608 | Sewer    | Gained mutation: You have razor-sharp teeth. [Vine Stalker
                  | growth]
  2608 | Sewer    | Reached XP level 6. HP: 26/36 MP: 7/7
  2615 | Sewer    | Reached skill level 1 in Armour
  2679 | Sewer    | Reached skill level 2 in Bows
  2781 | Sewer    | Reached XP level 7. HP: 41/41 MP: 8/8
  2782 | Sewer    | Reached skill level 3 in Bows
  2966 | D:4      | Found a radiant altar of Vehumet.
  2966 | D:4      | Found a basalt altar of Yredelemnul.
  3088 | D:4      | Found a white marble altar of Elyvilon.
  3302 | D:4      | Reached skill level 4 in Bows
  3513 | D:4      | Gained mutation: Your bite disrupts and absorbs the magic
                  | of your enemies. [Mana Stalker growth]
  3513 | D:4      | Gained mutation: You are resistant to hostile enchantments.
                  | (MR+) [Mana Stalker growth]
  3513 | D:4      | Reached XP level 8. HP: 42/48 MP: 8/9
  3514 | D:4      | Reached skill level 5 in Bows
  4441 | D:5      | Entered Level 5 of the Dungeon
  4459 | D:5      | Reached skill level 6 in Bows
  4466 | D:5      | Noticed a two-headed ogre
  4472 | D:5      | Killed a two-headed ogre
  4473 | D:5      | Reached skill level 7 in Bows
  4473 | D:5      | Reached skill level 5 in Dodging
  4473 | D:5      | Reached XP level 9. HP: 46/53 MP: 10/10
  4492 | D:5      | Reached skill level 5 in Fighting
  4500 | D:5      | Found a staircase to the Ecumenical Temple.
  4516 | Temple   | Entered the Ecumenical Temple
  4576 | Temple   | Became a worshipper of Cheibriados the Contemplative
  4691 | D:5      | Found Xaapid's Armour Shop.
  5061 | D:5      | Reached skill level 1 in Invocations
  5335 | D:6      | Reached * piety under Cheibriados
  5419 | D:6      | Found a shimmering altar of Xom.
  5533 | D:6      | Reached skill level 8 in Bows
  5538 | D:6      | Found a shadowy altar of Dithmenos.
  5693 | D:6      | Got a masterwork leather armour
  5919 | D:7      | Found Surekh's Antique Weapon Shop.
  6066 | D:7      | Reached XP level 10. HP: 60/60 MP: 12/12
  6073 | D:7      | Reached ** piety under Cheibriados
  6153 | D:7      | Reached skill level 9 in Bows
  6405 | D:7      | Found a staircase to the Lair.
  6418 | D:7      | Identified the +0 leather armour of Amelioration {Regen+
                  | rCorr Str-3 Int+5} (You found it on level 6 of the Dungeon)
  6534 | D:8      | Reached *** piety under Cheibriados
  6565 | D:8      | Reached skill level 10 in Bows
  6675 | D:8      | Reached XP level 11. HP: 33/66 MP: 14/14
  6779 | D:8      | Noticed an ogre mage
  6780 | D:8      | Killed an ogre mage
  6781 | D:8      | Reached skill level 11 in Bows
  6862 | D:8      | Found Ranisopni's Jewellery Emporium.
  6968 | D:8      | Reached **** piety under Cheibriados
  6974 | D:8      | Found a staircase to the Orcish Mines.
  6983 | D:8      | Found a roughly hewn altar of Beogh.
  7432 | D:9      | Noticed a centaur warrior
  7436 | D:9      | Killed a centaur warrior
  7452 | D:9      | Noticed a white ugly thing
  7458 | D:9      | Killed a white ugly thing
  7484 | D:9      | Noticed a cyclops
  7490 | D:9      | Killed a cyclops
  7701 | D:9      | Noticed a centaur warrior
  7705 | D:9      | Killed a centaur warrior
  7706 | D:9      | Reached skill level 12 in Bows
  7706 | D:9      | Reached skill level 5 in Armour
  7711 | D:9      | Reached ***** piety under Cheibriados
  7918 | D:9      | Found a transporter.
  7923 | D:9      | Noticed pheathergobbo575's ghost (journeyman FoFi)
  7923 | D:9      | Noticed a moth of wrath
  7936 | D:9      | Found a transporter.
  8041 | D:9      | Found an ancient bone altar of Kikubaaqudgha.
  8050 | D:9      | Found a corrupted altar of Lugonu.
  8050 | D:9      | Found an ornate altar of the Wu Jian Council.
  8184 | D:10     | Entered Level 10 of the Dungeon
  8192 | D:10     | Noticed a seven-headed hydra
  8198 | D:10     | HP: 1/68 [seven-headed hydra (3)]
  8199 | D:10     | Mangled by a seven-headed hydra

Skill      XL: |  1  2  3  4  5  6  7  8  9 10 11 |
---------------+----------------------------------+-----
Maces & Flails | 1 |  1.5
Fighting       | 1 2 3 4 5 6 7 |  7.8
Stealth        | 5 |  5.8
Dodging        | 4 5 6 |  6.0
Long Blades    | 1 |  1.7
Bows           | 1 2 4 7 8 10 12 | 12.2
Armour         | 1 2 3 4 5 |  5.0
Invocations    | 2 3 4 |  4.4

Action                   |  1- 3 |  4- 6 |  7- 9 | 10-12 || total
-------------------------+-------+-------+-------+-------++-------
Melee: Whip              |   138 |       |       |       ||   138
       Bite              |    20 |     2 |       |       ||    22
       Falchion          |    48 |    62 |     7 |     1 ||   118
 Fire: Shortbow          |       |    56 |   154 |   212 ||   422
Invok: Slouch            |       |       |       |     1 ||     1
  Use: Scroll            |     1 |     3 |     1 |       ||     5
 Stab: Sleeping          |     9 |     2 |       |       ||    11
       Distracted        |       |     1 |       |       ||     1
  Eat: Chunk             |     7 |     8 |    14 |     7 ||    36
Armor: Robe              |    29 |       |       |       ||    29
       Ring mail         |    11 |    26 |    11 |       ||    48
       Leather armour    |       |       |       |     4 ||     4
Dodge: Dodged            |    80 |    56 |    17 |    32 ||   185
Block: Other             |       |       |     1 |       ||     1
